AoeStats
← Pielover757

Pilgrims

510064143Analyzed
4v4 RM · 3d ago on Sep 29, 2026· 39m 43s· 8 players
Game mode
Random Map
Map size
Large (8 player)
Population
200
Speed
Normal
Resources
Standard
Victory
Conquest
Starting age
Dark Age
Ending age
Imperial Age
RankedLock teamsTeams togetherTeam positionsShared explorationLock speedFull tech treeHidden civsTurbo modeCheats
Victory
Defeat
🇹🇼 Spanish · Taiwan
1667
+12
1648
+13
🇿🇦 Portuguese · South Africa
1589
+15
🇹🇼 Georgians · Taiwan
1538
+16
🇦🇷 Danes · Argentina
1600
-15
🇦🇷 Japanese · Argentina
1574
-14
🇹🇼 Celts · Taiwan
1568
-14
🇹🇼 Huns · Taiwan
1546
-13
Emily001
7:37 Loom
11:10 Feudal Age
16:03 Castle Age
15:55 Double-Bit Axe
16:24 Horse Collar
19:27 Town Watch
20:57 Wheelbarrow
22:19 Pikeman
24:14 Squires
機會同學
7:49 Loom
11:54 Feudal Age
15:44 Castle Age
14:37 Stone Mining
14:38 Double-Bit Axe
16:52 Bow Saw
34:47 Fishing Lines
36:43 Gillnets
默默默默默
7:54 Loom
11:35 Feudal Age
12:06 Fishing Lines
12:21 Double-Bit Axe
14:57 Forging
15:32 Wheelbarrow
18:14 Castle Age
19:39 Medium Warships
20:16 Iron Casting
19:36 Fletching
21:09 Bodkin Arrow
25:13 Iron Casting
27:38 Imperial Age
25:11 Town Watch
27:23 Gillnets
27:39 Scale Mail Armor
27:59 Horse Collar
27:46 Pikeman
28:29 Capped Ram
29:21 Halberdier
31:29 Chain Mail Armor
33:06 Bow Saw
35:00 Plate Mail Armor
35:32 Hand Cart
37:09 Iron Casting
amtiky
5:48 Loom
11:45 Feudal Age
12:26 Double-Bit Axe
13:38 Fletching
18:56 Castle Age
20:13 Bow Saw
27:03 Imperial Age
25:01 Squires
25:40 Pikeman
27:48 Scale Mail Armor
27:33 Capped Ram
28:58 Chain Mail Armor
我最爛別快攻我
9:07 Loom
10:53 Feudal Age
14:56 Castle Age
13:27 Bloodlines
13:15 Double-Bit Axe
13:57 Scale Barding Armor
14:09 Gold Mining
15:50 Bow Saw
16:02 Chain Barding Armor
15:42 Scale Mail Armor
24:27 Horse Collar
33:59 Forging
39:33 Imperial Age
Pielover757
7:45 Loom
11:05 Feudal Age
11:37 Double-Bit Axe
14:18 Forging
14:35 Gold Mining
17:18 Fletching
21:31 Castle Age
24:08 Castle Age
29:23 Castle Age
32:41 Bow Saw
37:20 Horse Collar
P0rr1dg3
10:04 Feudal Age
8:24 Loom
10:09 Feudal Age
14:33 Castle Age
12:54 Double-Bit Axe
13:20 Horse Collar
14:22 Town Watch
16:16 Bow Saw
19:12 Heavy Plow
29:15 Wheelbarrow
34:00 Imperial Age
32:26 Hand Cart
33:07 Padded Archer Armor
34:06 Stone Mining
34:07 Gold Mining
34:36 Leather Archer Armor
34:45 Husbandry
34:55 Bloodlines
35:08 Conscription
35:01 Elite Conquistador
36:38 Ring Archer Armor
38:08 Chemistry
chaos(我愛亂來)
8:50 Loom
11:15 Feudal Age
12:32 Double-Bit Axe
15:16 Castle Age
13:17 Gold Mining
14:05 Scale Barding Armor
14:37 Bloodlines
15:10 Forging
16:05 Husbandry
16:44 Fishing Lines
23:11 Chain Barding Armor
26:04 Wheelbarrow
29:06 Town Watch
30:22 Horse Collar
32:01 Town Patrol
32:17 Hand Cart
37:12 Imperial Age
35:38 Iron Casting
34:45 Light Cavalry
35:45 Heavy Plow
36:31 Bow Saw
38:36 Plate Barding Armor
39:02 Blast Furnace
38:01 Cavalier
Connection lost

Rejoining the realm…

Still unreachable

The connection could not be restored.

Session expired

The server has moved on; the page needs a fresh start.